[ AOE2 MATCH · #470362388 ]
UnrankedMagyars vs Hindustanis
[ REPLAY ANALYSIS · EXTRACTED FROM THE RECORDED GAME ]
Feudal
11:30
Castle
15:01
Imperial
41:19
| APM avg | 48.7 |
| APM peak | 92 |
| eAPM avg | 27.1 |
| Villagers / military | 156 / 96 |
Focus
⚔️ 37.4% · 🌾 62.6%
Fire Galley ×83 · Fishing Ship ×14 · Cannon Galleon ×11 · Petard ×1 · Unknown (2626) ×1 · Demolition Raft ×1
Feudal
10:26
Castle
14:28
Imperial
30:34
| APM avg | 29.0 |
| APM peak | 64 |
| eAPM avg | 19.3 |
| Villagers / military | 141 / 136 |
Focus
⚔️ 37.5% · 🌾 62.5%
Leitis ×126 · Trebuchet (Packed) ×6 · Monk ×2 · Skirmisher ×2
Feudal
9:31
Castle
20:25
Imperial
36:39
| APM avg | 62.2 |
| APM peak | 111 |
| eAPM avg | 28.9 |
| Villagers / military | 153 / 230 |
Focus
⚔️ 51.2% · 🌾 48.8%
Cavalry Archer ×129 · Archer ×86 · Mangonel ×11 · Spearman ×2 · Trebuchet (Packed) ×2
Feudal
8:34
Castle
21:15
Imperial
—
| APM avg | 51.2 |
| APM peak | 100 |
| eAPM avg | 25.4 |
| Villagers / military | 134 / 9 |
Focus
⚔️ 25.0% · 🌾 75.0%
Unknown (1952) ×90 · Scout Cavalry ×9
Feudal
11:13
Castle
23:23
Imperial
40:30
| APM avg | 37.2 |
| APM peak | 60 |
| eAPM avg | 24.3 |
| Villagers / military | 137 / 100 |
Focus
⚔️ 42.6% · 🌾 57.4%
Fire Lancer ×49 · Spearman ×29 · Fishing Ship ×16 · Unknown (1908) ×13 · Galley ×8 · Scout Cavalry ×7
Feudal
9:07
Castle
22:15
Imperial
—
| APM avg | 52.7 |
| APM peak | 96 |
| eAPM avg | 29.5 |
| Villagers / military | 254 / 174 |
Focus
⚔️ 47.9% · 🌾 52.1%
Galley ×161 · Unknown (2626) ×77 · Fire Galley ×13 · Trade Cog ×5
Feudal
9:18
Castle
24:07
Imperial
—
| APM avg | 47.1 |
| APM peak | 77 |
| eAPM avg | 28.3 |
| Villagers / military | 203 / 73 |
Focus
⚔️ 18.6% · 🌾 81.4%
Kipchak ×71 · Spearman ×2
Feudal
8:31
Castle
20:37
Imperial
—
| APM avg | 35.3 |
| APM peak | 76 |
| eAPM avg | 15.3 |
| Villagers / military | 63 / 106 |
Focus
⚔️ 48.1% · 🌾 51.9%
Knight ×57 · Battering Ram ×19 · Spearman ×13 · Scout Cavalry ×10 · Monk ×5 · Scorpion ×2
Match map
Initial resources + every placement click. Lines = walls · curves = elevation contours. ◆ gold · ⬟ stone · ● berries · ✦ relic · ◌ wall gap
Your base· ✓ Map-separated
小妖's base· ✓ Map-separated
Grand Nagus's base· ✓ Map-separated
pigpig_aoe's base· ✓ Map-separated
TheHobbalution's base· ✓ Map-separated
Timbrhoggvandi's base· ✓ Map-separated
mc 88's base· ✓ Map-separated
Frédéric Chopin's base· ✓ Map-separated
Smoothed initial terrain · ◌ = detected wall gap · hover for details
Inputs per minute
— Danielsiiii - - 小妖
Build order — Danielsiiii
First 150 of 398 actions detected
| 0:01 | Create | Villager (Male) |
| 0:01 | Create | Villager (Male) |
| 0:02 | Build | House |
| 0:03 | Build | House |
| 0:18 | Create | Villager (Male) |
| 0:19 | Create | Villager (Male) |
| 1:35 | Build | Lumber Camp |
| 1:35 | Create | Villager (Male) |
| 1:35 | Create | Villager (Male) |
| 1:46 | Create | Villager (Male) |
| 1:47 | Create | Villager (Male) |
| 2:14 | Create | Villager (Male) |
| 2:14 | Create | Villager (Male) |
| 2:51 | Create | Villager (Male) |
| 2:51 | Create | Villager (Male) |
| 3:05 | Create | Villager (Male) |
| 3:06 | Create | Villager (Male) |
| 3:37 | Create | Villager (Male) |
| 4:06 | Build | House |
| 4:08 | Build | House |
| 4:15 | Create | Villager (Male) |
| 4:36 | Create | Villager (Male) |
| 4:36 | Create | Villager (Male) |
| 5:09 | Create | Villager (Male) |
| 5:10 | Create | Villager (Male) |
| 5:10 | Create | Villager (Male) |
| 5:42 | Build | Mill |
| 5:52 | Create | Villager (Male) |
| 6:13 | Create | Villager (Male) |
| 6:32 | Create | Villager (Male) |
| 6:38 | Create | Villager (Male) |
| 6:55 | Build | Dock |
| 7:03 | Create | Villager (Male) |
| 7:18 | Create | Villager (Male) |
| 7:22 | Build | House |
| 7:57 | Create | Fishing Ship |
| 7:57 | Create | Fishing Ship |
| 8:10 | Create | Villager (Male) |
| 8:17 | Create | Villager (Male) |
| 8:41 | Build | House |
| 8:42 | Build | House |
| 9:07 | Research | Feudal Age |
| 9:20 | Create | Fishing Ship |
| 9:21 | Create | Fishing Ship |
| 10:21 | Create | Fishing Ship |
| 10:39 | Create | Villager (Male) |
| 10:41 | Create | Villager (Male) |
| 11:30 | Age | Feudal Age |
| 11:38 | Build | Market |
| 11:47 | Build | Blacksmith |
| 11:54 | Build | Lumber Camp |
| 12:03 | Research | Double-Bit Axe |
| 12:21 | Research | Castle Age |
| 12:21 | Research | Castle Age |
| 12:21 | Research | Castle Age |
| 12:45 | Build | Fish Trap |
| 13:02 | Research | Double-Bit Axe |
| 13:34 | Research | Loom |
| 13:43 | Build | Palisade Wall |
| 13:45 | Build | House |
| 13:48 | Build | Palisade Wall |
| 13:57 | Build | House |
| 13:58 | Build | House |
| 14:20 | Create | Unit 2626 |
| 15:01 | Age | Castle Age |
| 15:04 | Research | Bow Saw |
| 15:28 | Build | Lumber Camp |
| 15:35 | Create | Villager (Male) |
| 15:35 | Create | Villager (Male) |
| 15:48 | Create | Fire Galley |
| 16:12 | Create | Villager (Male) |
| 16:17 | Create | Fire Galley |
| 16:50 | Build | Dock |
| 17:03 | Create | Fire Galley |
| 17:03 | Create | Villager (Male) |
| 17:04 | Create | Villager (Male) |
| 17:10 | Build | Farm |
| 17:15 | Build | Farm |
| 17:23 | Build | Fish Trap |
| 17:32 | Build | Fish Trap |
| 17:35 | Create | Villager (Male) |
| 17:39 | Research | War Galley (upgrade) |
| 17:53 | Create | Villager (Male) |
| 17:58 | Build | Farm |
| 18:01 | Build | Farm |
| 18:06 | Create | Fire Galley |
| 18:22 | Build | Fish Trap |
| 18:42 | Build | Fish Trap |
| 18:46 | Create | Villager (Male) |
| 18:51 | Build | Farm |
| 19:16 | Create | Villager (Male) |
| 19:24 | Build | Town Center |
| 19:32 | Create | Villager (Male) |
| 20:13 | Build | House |
| 20:16 | Create | Fire Galley |
| 20:16 | Create | Fire Galley |
| 20:17 | Create | Fire Galley |
| 20:17 | Create | Villager (Male) |
| 20:17 | Create | Villager (Male) |
| 20:18 | Create | Villager (Male) |
| 20:35 | Create | Villager (Male) |
| 21:17 | Create | Villager (Male) |
| 21:21 | Build | University |
| 21:23 | Create | Villager (Male) |
| 21:29 | Create | Fire Galley |
| 21:29 | Create | Fire Galley |
| 21:29 | Create | Villager (Male) |
| 21:41 | Create | Villager (Male) |
| 21:46 | Create | Villager (Male) |
| 21:51 | Build | Mining Camp |
| 22:08 | Create | Villager (Male) |
| 22:13 | Create | Demolition Raft |
| 22:36 | Create | Villager (Male) |
| 22:47 | Research | Tech 908 |
| 22:54 | Create | Villager (Male) |
| 22:58 | Build | House |
| 22:59 | Build | House |
| 23:00 | Build | House |
| 23:01 | Build | House |
| 23:13 | Research | Tech 906 |
| 23:23 | Create | Villager (Male) |
| 23:35 | Create | Fire Galley |
| 23:35 | Create | Fire Galley |
| 23:35 | Create | Fire Galley |
| 23:36 | Create | Fire Galley |
| 23:37 | Create | Villager (Male) |
| 23:51 | Build | Mining Camp |
| 23:55 | Create | Villager (Male) |
| 24:03 | Create | Villager (Male) |
| 24:18 | Build | Farm |
| 24:19 | Build | Farm |
| 24:20 | Build | Farm |
| 24:25 | Build | Farm |
| 24:43 | Research | Careening |
| 24:45 | Create | Fire Galley |
| 24:45 | Create | Fire Galley |
| 24:45 | Create | Fire Galley |
| 24:46 | Create | Villager (Male) |
| 24:54 | Build | House |
| 24:55 | Build | House |
| 24:56 | Build | House |
| 25:01 | Build | Dock |
| 25:18 | Create | Villager (Male) |
| 25:41 | Create | Fire Galley |
| 25:41 | Create | Fire Galley |
| 25:41 | Create | Fire Galley |
| 25:42 | Create | Villager (Male) |
| 25:42 | Create | Villager (Male) |
| 25:43 | Create | Villager (Male) |
| 26:10 | Create | Villager (Male) |
Build order — 小妖
First 150 of 424 actions detected
| 0:02 | Create | Villager (Male) |
| 0:02 | Create | Villager (Male) |
| 0:03 | Create | Villager (Male) |
| 0:04 | Build | House |
| 0:35 | Create | Villager (Male) |
| 0:36 | Create | Villager (Male) |
| 0:36 | Create | Villager (Male) |
| 0:36 | Create | Villager (Male) |
| 1:35 | Create | Villager (Male) |
| 2:05 | Create | Villager (Male) |
| 2:05 | Create | Villager (Male) |
| 2:08 | Build | Lumber Camp |
| 2:10 | Create | Villager (Male) |
| 2:11 | Create | Villager (Male) |
| 2:38 | Build | House |
| 2:52 | Create | Villager (Male) |
| 3:55 | Create | Villager (Male) |
| 3:55 | Create | Villager (Male) |
| 3:55 | Create | Villager (Male) |
| 3:55 | Create | Villager (Male) |
| 4:10 | Build | House |
| 4:18 | Build | Mill |
| 4:31 | Create | Villager (Male) |
| 4:31 | Create | Villager (Male) |
| 4:31 | Create | Villager (Male) |
| 4:54 | Create | Villager (Male) |
| 5:25 | Create | Villager (Male) |
| 6:09 | Create | Villager (Male) |
| 6:31 | Build | House |
| 6:42 | Create | Villager (Male) |
| 7:16 | Create | Villager (Male) |
| 7:29 | Build | House |
| 7:33 | Build | Palisade Wall |
| 7:33 | Build | Palisade Wall |
| 7:35 | Build | Palisade Wall |
| 7:36 | Build | Palisade Wall |
| 8:09 | Research | Feudal Age |
| 9:07 | Build | Palisade Wall |
| 9:11 | Build | House |
| 9:12 | Build | Palisade Wall |
| 9:18 | Build | Palisade Wall |
| 9:19 | Build | Palisade Wall |
| 9:22 | Build | Palisade Wall |
| 9:58 | Build | Mining Camp |
| 10:26 | Age | Feudal Age |
| 10:33 | Create | Villager (Male) |
| 10:33 | Create | Villager (Male) |
| 10:39 | Build | Market |
| 10:44 | Build | Palisade Wall |
| 10:51 | Build | Blacksmith |
| 11:01 | Create | Villager (Male) |
| 11:44 | Research | Castle Age |
| 12:28 | Research | Double-Bit Axe |
| 13:28 | Research | Horse Collar |
| 14:28 | Age | Castle Age |
| 14:33 | Build | Town Center |
| 14:33 | Create | Villager (Male) |
| 14:34 | Create | Villager (Male) |
| 14:56 | Build | Town Center |
| 15:12 | Create | Villager (Male) |
| 15:12 | Create | Villager (Male) |
| 15:22 | Build | Farm |
| 15:41 | Build | Farm |
| 15:47 | Create | Villager (Male) |
| 15:48 | Create | Villager (Male) |
| 15:54 | Create | Villager (Male) |
| 15:56 | Create | Villager (Male) |
| 15:56 | Create | Villager (Male) |
| 16:17 | Create | Villager (Male) |
| 16:17 | Create | Villager (Male) |
| 16:19 | Create | Villager (Male) |
| 16:22 | Build | Farm |
| 16:39 | Create | Villager (Male) |
| 16:46 | Build | Farm |
| 16:48 | Build | Farm |
| 16:57 | Research | Loom |
| 17:21 | Build | Farm |
| 17:23 | Build | Farm |
| 17:24 | Create | Villager (Male) |
| 17:41 | Create | Villager (Male) |
| 17:48 | Build | Castle |
| 18:06 | Build | Farm |
| 18:10 | Build | Farm |
| 18:11 | Build | Farm |
| 18:12 | Build | Farm |
| 18:16 | Build | Farm |
| 18:17 | Create | Villager (Male) |
| 18:20 | Build | Farm |
| 18:22 | Build | Farm |
| 18:35 | Create | Villager (Male) |
| 18:35 | Create | Villager (Male) |
| 18:53 | Build | Lumber Camp |
| 19:07 | Build | Farm |
| 19:07 | Create | Villager (Male) |
| 19:19 | Create | Villager (Male) |
| 19:20 | Build | Farm |
| 19:30 | Create | Villager (Male) |
| 19:46 | Build | Farm |
| 19:48 | Create | Villager (Male) |
| 19:49 | Create | Villager (Male) |
| 19:51 | Create | Villager (Male) |
| 20:01 | Create | Leitis |
| 20:06 | Build | Farm |
| 20:12 | Create | Villager (Male) |
| 20:21 | Create | Villager (Male) |
| 20:29 | Create | Leitis |
| 20:30 | Create | Leitis |
| 20:40 | Create | Villager (Male) |
| 20:49 | Build | Monastery |
| 20:53 | Create | Leitis |
| 21:10 | Build | Farm |
| 21:11 | Create | Villager (Male) |
| 21:12 | Create | Villager (Male) |
| 21:19 | Create | Leitis |
| 21:31 | Create | Villager (Male) |
| 21:38 | Build | Farm |
| 21:44 | Create | Monk |
| 21:57 | Build | Farm |
| 21:58 | Create | Villager (Male) |
| 22:04 | Build | Farm |
| 22:05 | Create | Villager (Male) |
| 22:06 | Create | Villager (Male) |
| 22:09 | Create | Villager (Male) |
| 22:45 | Create | Villager (Male) |
| 22:46 | Create | Villager (Male) |
| 22:47 | Create | Villager (Male) |
| 22:47 | Create | Villager (Male) |
| 23:05 | Create | Leitis |
| 23:05 | Create | Leitis |
| 23:07 | Create | Villager (Male) |
| 23:11 | Build | Farm |
| 23:13 | Build | Farm |
| 23:13 | Build | Farm |
| 23:20 | Build | House |
| 23:21 | Build | House |
| 23:26 | Research | Wheelbarrow |
| 23:45 | Create | Villager (Male) |
| 23:46 | Create | Villager (Male) |
| 23:48 | Create | Villager (Male) |
| 24:03 | Build | Farm |
| 24:08 | Create | Villager (Male) |
| 24:09 | Create | Villager (Male) |
| 24:12 | Build | Town Center |
| 24:16 | Create | Villager (Male) |
| 24:36 | Build | Farm |
| 24:44 | Create | Villager (Male) |
| 24:45 | Create | Villager (Male) |
| 24:52 | Build | Farm |
| 25:05 | Build | House |
| 25:05 | Build | House |
Build order — Grand Nagus
First 150 of 490 actions detected
| 0:00 | Create | Villager (Male) |
| 0:02 | Build | House |
| 0:02 | Create | Villager (Male) |
| 0:03 | Build | House |
| 0:04 | Create | Villager (Male) |
| 0:10 | Create | Villager (Male) |
| 1:02 | Create | Villager (Male) |
| 1:30 | Create | Villager (Male) |
| 1:30 | Create | Villager (Male) |
| 1:46 | Build | Lumber Camp |
| 1:54 | Create | Villager (Male) |
| 2:19 | Create | Villager (Male) |
| 2:55 | Create | Villager (Male) |
| 2:55 | Create | Villager (Male) |
| 3:01 | Create | Villager (Male) |
| 3:40 | Create | Villager (Male) |
| 3:40 | Create | Villager (Male) |
| 3:42 | Build | Mill |
| 4:11 | Create | Villager (Male) |
| 4:20 | Create | Villager (Male) |
| 4:31 | Build | House |
| 4:34 | Research | Loom |
| 4:39 | Create | Villager (Male) |
| 4:57 | Create | Villager (Male) |
| 4:58 | Create | Villager (Male) |
| 5:03 | Build | House |
| 5:04 | Create | Villager (Male) |
| 5:12 | Create | Villager (Male) |
| 5:28 | Create | Villager (Male) |
| 5:36 | Create | Villager (Male) |
| 5:46 | Create | Villager (Male) |
| 6:02 | Create | Villager (Male) |
| 6:17 | Create | Villager (Male) |
| 6:30 | Create | Villager (Male) |
| 6:38 | Create | Villager (Male) |
| 7:21 | Research | Feudal Age |
| 7:22 | Research | Feudal Age |
| 7:58 | Build | Mining Camp |
| 7:59 | Create | Villager (Male) |
| 8:26 | Build | Barracks |
| 8:28 | Build | Palisade Wall |
| 9:11 | Build | Palisade Wall |
| 9:31 | Age | Feudal Age |
| 9:37 | Create | Villager (Male) |
| 9:42 | Build | Archery Range |
| 9:43 | Create | Villager (Male) |
| 9:49 | Research | Double-Bit Axe |
| 9:49 | Research | Double-Bit Axe |
| 9:53 | Create | Villager (Male) |
| 9:58 | Build | House |
| 9:59 | Build | House |
| 9:59 | Build | House |
| 10:11 | Build | Archery Range |
| 10:14 | Create | Villager (Male) |
| 10:41 | Build | Farm |
| 10:42 | Build | Farm |
| 10:45 | Create | Villager (Male) |
| 10:50 | Create | Archer |
| 10:52 | Create | Villager (Male) |
| 11:06 | Create | Villager (Male) |
| 11:22 | Create | Villager (Male) |
| 11:29 | Build | Blacksmith |
| 11:35 | Create | Archer |
| 11:35 | Create | Archer |
| 11:36 | Create | Villager (Male) |
| 11:54 | Create | Villager (Male) |
| 11:59 | Build | House |
| 12:00 | Build | House |
| 12:01 | Create | Archer |
| 12:10 | Create | Villager (Male) |
| 12:14 | Research | Fletching |
| 12:14 | Research | Fletching |
| 12:16 | Create | Archer |
| 12:21 | Create | Villager (Male) |
| 12:26 | Build | House |
| 12:28 | Build | Palisade Wall |
| 12:29 | Create | Villager (Male) |
| 12:33 | Build | Palisade Wall |
| 12:36 | Create | Archer |
| 12:36 | Create | Archer |
| 12:36 | Create | Villager (Male) |
| 12:40 | Create | Villager (Male) |
| 12:49 | Create | Archer |
| 12:50 | Create | Archer |
| 12:55 | Create | Villager (Male) |
| 13:06 | Create | Villager (Male) |
| 13:16 | Create | Villager (Male) |
| 13:19 | Create | Archer |
| 13:19 | Create | Archer |
| 13:33 | Create | Villager (Male) |
| 13:36 | Create | Archer |
| 13:36 | Create | Archer |
| 13:49 | Create | Spearman |
| 13:49 | Create | Spearman |
| 13:56 | Create | Archer |
| 13:56 | Create | Archer |
| 14:01 | Create | Villager (Male) |
| 14:07 | Build | House |
| 14:22 | Create | Villager (Male) |
| 14:23 | Create | Archer |
| 14:23 | Create | Archer |
| 14:26 | Build | House |
| 14:41 | Create | Villager (Male) |
| 15:14 | Create | Villager (Male) |
| 15:24 | Build | Lumber Camp |
| 15:29 | Create | Archer |
| 15:29 | Create | Archer |
| 15:31 | Create | Villager (Male) |
| 15:43 | Build | Market |
| 15:48 | Create | Villager (Male) |
| 15:55 | Create | Villager (Male) |
| 16:01 | Create | Archer |
| 16:01 | Create | Archer |
| 16:01 | Create | Villager (Male) |
| 16:06 | Create | Villager (Male) |
| 16:23 | Build | Farm |
| 16:43 | Build | Farm |
| 16:44 | Build | Farm |
| 16:58 | Create | Archer |
| 16:58 | Create | Archer |
| 17:43 | Build | Mining Camp |
| 17:45 | Research | Castle Age |
| 17:52 | Create | Archer |
| 17:53 | Create | Archer |
| 18:22 | Create | Archer |
| 18:23 | Create | Archer |
| 18:23 | Create | Villager (Male) |
| 18:33 | Build | Farm |
| 18:38 | Build | Farm |
| 18:42 | Research | Padded Archer Armor |
| 18:42 | Research | Padded Archer Armor |
| 18:55 | Create | Archer |
| 19:01 | Create | Archer |
| 19:01 | Create | Archer |
| 19:11 | Research | Horse Collar |
| 19:11 | Research | Horse Collar |
| 19:16 | Build | Farm |
| 19:17 | Create | Archer |
| 19:22 | Build | Farm |
| 19:33 | Build | Farm |
| 19:34 | Create | Archer |
| 19:41 | Create | Archer |
| 19:41 | Create | Archer |
| 19:46 | Create | Villager (Male) |
| 19:57 | Create | Archer |
| 19:57 | Create | Archer |
| 20:08 | Build | Farm |
| 20:17 | Create | Archer |
| 20:17 | Create | Archer |
| 20:25 | Age | Castle Age |
Build order — pigpig_aoe
First 150 of 375 actions detected
| 0:00 | Create | Villager (Male) |
| 0:01 | Create | Villager (Male) |
| 0:01 | Create | Villager (Male) |
| 0:02 | Build | House |
| 0:02 | Build | House |
| 0:07 | Create | Villager (Male) |
| 0:08 | Create | Villager (Male) |
| 1:31 | Create | Villager (Male) |
| 1:45 | Build | Lumber Camp |
| 2:08 | Create | Villager (Male) |
| 2:08 | Create | Villager (Male) |
| 2:37 | Build | House |
| 2:38 | Build | Palisade Wall |
| 2:46 | Create | Villager (Male) |
| 2:46 | Create | Villager (Male) |
| 2:55 | Create | Villager (Male) |
| 3:29 | Create | Villager (Male) |
| 3:41 | Create | Villager (Male) |
| 4:13 | Create | Villager (Male) |
| 4:37 | Create | Villager (Male) |
| 5:08 | Build | Mill |
| 5:22 | Create | Villager (Male) |
| 5:46 | Research | Loom |
| 6:24 | Research | Feudal Age |
| 6:56 | Build | Barracks |
| 7:33 | Create | Villager (Male) |
| 7:54 | Build | House |
| 8:17 | Create | Villager (Male) |
| 8:28 | Build | House |
| 8:34 | Age | Feudal Age |
| 8:37 | Build | Stable |
| 8:41 | Research | Double-Bit Axe |
| 8:41 | Create | Villager (Male) |
| 9:05 | Research | Horse Collar |
| 9:32 | Create | Scout Cavalry |
| 9:50 | Create | Villager (Male) |
| 9:51 | Build | Farm |
| 9:52 | Build | Farm |
| 10:02 | Create | Villager (Male) |
| 10:08 | Build | Farm |
| 10:10 | Build | Farm |
| 10:13 | Create | Villager (Male) |
| 10:33 | Build | Farm |
| 10:47 | Create | Scout Cavalry |
| 10:47 | Create | Villager (Male) |
| 11:04 | Build | Farm |
| 11:05 | Build | Farm |
| 11:15 | Create | Scout Cavalry |
| 11:24 | Build | Farm |
| 11:29 | Create | Villager (Male) |
| 11:33 | Build | House |
| 12:01 | Create | Scout Cavalry |
| 12:03 | Build | Farm |
| 12:03 | Create | Villager (Male) |
| 12:08 | Build | Farm |
| 12:09 | Build | Farm |
| 12:18 | Create | Scout Cavalry |
| 12:19 | Create | Villager (Male) |
| 12:25 | Build | House |
| 12:39 | Build | Mining Camp |
| 12:43 | Create | Villager (Male) |
| 13:12 | Build | Lumber Camp |
| 13:13 | Create | Villager (Male) |
| 13:16 | Create | Scout Cavalry |
| 13:36 | Build | Lumber Camp |
| 13:40 | Create | Villager (Male) |
| 14:11 | Create | Villager (Male) |
| 14:15 | Build | House |
| 14:38 | Build | Blacksmith |
| 14:42 | Create | Villager (Male) |
| 15:04 | Build | Farm |
| 15:06 | Build | Farm |
| 15:09 | Create | Villager (Male) |
| 15:14 | Create | Scout Cavalry |
| 15:17 | Build | House |
| 15:19 | Build | House |
| 15:22 | Build | Palisade Wall |
| 15:26 | Create | Scout Cavalry |
| 15:30 | Build | House |
| 15:32 | Build | House |
| 15:33 | Build | House |
| 15:35 | Build | House |
| 15:50 | Create | Villager (Male) |
| 16:00 | Create | Villager (Male) |
| 16:11 | Create | Villager (Male) |
| 16:21 | Build | Mining Camp |
| 16:48 | Create | Villager (Male) |
| 17:17 | Build | House |
| 17:22 | Create | Villager (Male) |
| 17:26 | Build | Market |
| 17:37 | Create | Scout Cavalry |
| 17:38 | Create | Villager (Male) |
| 17:40 | Build | Farm |
| 17:41 | Build | Farm |
| 18:05 | Build | Farm |
| 18:36 | Research | Castle Age |
| 19:01 | Build | Farm |
| 19:03 | Research | Gold Mining |
| 19:16 | Research | Bloodlines |
| 19:17 | Research | Bloodlines |
| 19:39 | Build | Archery Range |
| 19:45 | Research | Fletching |
| 19:45 | Research | Fletching |
| 19:55 | Build | Palisade Wall |
| 19:56 | Build | Palisade Wall |
| 20:02 | Build | House |
| 20:30 | Create | Villager (Male) |
| 20:33 | Build | Archery Range |
| 20:53 | Research | Padded Archer Armor |
| 20:54 | Research | Padded Archer Armor |
| 21:03 | Build | Archery Range |
| 21:15 | Age | Castle Age |
| 21:36 | Build | Town Center |
| 21:43 | Create | Unit 1952 |
| 21:43 | Create | Unit 1952 |
| 21:45 | Research | Bodkin Arrow |
| 21:47 | Research | Husbandry |
| 21:47 | Research | Husbandry |
| 21:51 | Create | Villager (Male) |
| 22:08 | Create | Unit 1952 |
| 22:08 | Create | Unit 1952 |
| 22:09 | Create | Villager (Male) |
| 22:19 | Build | House |
| 22:47 | Create | Unit 1952 |
| 22:58 | Create | Villager (Male) |
| 23:04 | Build | Watch Tower |
| 23:17 | Create | Unit 1952 |
| 23:17 | Create | Unit 1952 |
| 23:18 | Create | Villager (Male) |
| 23:45 | Build | Mining Camp |
| 23:50 | Create | Villager (Male) |
| 23:51 | Create | Villager (Male) |
| 23:55 | Create | Villager (Male) |
| 24:07 | Create | Villager (Male) |
| 24:10 | Create | Villager (Male) |
| 24:19 | Create | Unit 1952 |
| 24:32 | Create | Villager (Male) |
| 24:37 | Build | Watch Tower |
| 24:45 | Create | Unit 1952 |
| 24:45 | Create | Unit 1952 |
| 24:46 | Create | Villager (Male) |
| 25:02 | Build | Watch Tower |
| 25:03 | Create | Villager (Male) |
| 25:10 | Create | Unit 1952 |
| 25:33 | Create | Villager (Male) |
| 25:37 | Build | Lumber Camp |
| 25:44 | Create | Villager (Male) |
| 26:06 | Create | Unit 1952 |
| 26:06 | Create | Unit 1952 |
| 26:07 | Create | Villager (Male) |
Build order — TheHobbalution
First 150 of 395 actions detected
| 0:02 | Create | Villager (Male) |
| 0:02 | Create | Villager (Male) |
| 0:03 | Build | House |
| 0:05 | Build | House |
| 0:07 | Create | Villager (Male) |
| 0:17 | Create | Villager (Male) |
| 1:33 | Create | Villager (Male) |
| 1:56 | Build | Lumber Camp |
| 2:06 | Create | Villager (Male) |
| 2:17 | Create | Villager (Male) |
| 2:27 | Create | Villager (Male) |
| 3:20 | Build | House |
| 3:24 | Create | Villager (Male) |
| 3:57 | Create | Villager (Male) |
| 4:18 | Create | Villager (Male) |
| 4:27 | Create | Villager (Male) |
| 4:45 | Create | Villager (Male) |
| 5:41 | Build | Mill |
| 5:42 | Create | Villager (Male) |
| 6:01 | Create | Villager (Male) |
| 6:06 | Build | House |
| 6:08 | Create | Villager (Male) |
| 6:17 | Create | Villager (Male) |
| 6:34 | Create | Villager (Male) |
| 6:52 | Create | Villager (Male) |
| 6:55 | Create | Villager (Male) |
| 7:22 | Build | Dock |
| 7:24 | Create | Villager (Male) |
| 7:37 | Build | House |
| 7:39 | Build | Palisade Wall |
| 8:26 | Create | Villager (Male) |
| 8:38 | Research | Loom |
| 8:38 | Research | Feudal Age |
| 10:06 | Build | Barracks |
| 10:42 | Build | Palisade Wall |
| 10:46 | Build | Palisade Wall |
| 10:47 | Build | Palisade Wall |
| 10:50 | Build | Palisade Wall |
| 11:01 | Build | House |
| 11:03 | Build | Palisade Wall |
| 11:04 | Build | Palisade Wall |
| 11:04 | Build | Palisade Wall |
| 11:13 | Age | Feudal Age |
| 11:15 | Create | Villager (Male) |
| 11:18 | Build | Stable |
| 11:22 | Create | Galley |
| 11:22 | Create | Galley |
| 12:08 | Create | Spearman |
| 12:10 | Build | House |
| 12:12 | Build | Palisade Wall |
| 12:14 | Research | Double-Bit Axe |
| 12:17 | Create | Villager (Male) |
| 12:25 | Create | Scout Cavalry |
| 12:25 | Create | Scout Cavalry |
| 12:25 | Create | Scout Cavalry |
| 12:27 | Build | Palisade Gate |
| 12:31 | Build | House |
| 13:00 | Create | Galley |
| 13:01 | Create | Galley |
| 13:16 | Create | Villager (Male) |
| 13:20 | Create | Scout Cavalry |
| 13:29 | Create | Villager (Male) |
| 13:36 | Create | Scout Cavalry |
| 13:41 | Create | Villager (Male) |
| 13:53 | Build | Mining Camp |
| 13:54 | Create | Villager (Male) |
| 14:22 | Create | Villager (Male) |
| 14:28 | Build | House |
| 14:31 | Build | Palisade Wall |
| 14:33 | Build | Palisade Wall |
| 14:45 | Create | Villager (Male) |
| 15:18 | Build | Lumber Camp |
| 15:19 | Create | Villager (Male) |
| 15:45 | Create | Scout Cavalry |
| 15:45 | Create | Scout Cavalry |
| 15:46 | Create | Villager (Male) |
| 15:59 | Build | Farm |
| 16:00 | Create | Villager (Male) |
| 16:04 | Research | Horse Collar |
| 16:05 | Create | Villager (Male) |
| 16:07 | Build | Farm |
| 16:10 | Build | Farm |
| 16:37 | Create | Villager (Male) |
| 16:42 | Build | Farm |
| 16:44 | Build | Farm |
| 17:36 | Create | Villager (Male) |
| 17:47 | Create | Galley |
| 17:47 | Create | Galley |
| 17:51 | Build | Farm |
| 17:51 | Create | Villager (Male) |
| 17:55 | Build | Farm |
| 17:57 | Build | Farm |
| 18:00 | Build | Farm |
| 18:11 | Build | Blacksmith |
| 18:35 | Build | Farm |
| 18:42 | Build | Farm |
| 18:44 | Create | Villager (Male) |
| 18:46 | Create | Villager (Male) |
| 18:51 | Build | House |
| 18:57 | Build | House |
| 19:03 | Build | House |
| 19:06 | Build | House |
| 19:44 | Create | Villager (Male) |
| 19:50 | Build | Market |
| 20:02 | Build | Lumber Camp |
| 20:35 | Create | Galley |
| 20:43 | Research | Castle Age |
| 20:52 | Research | Gold Mining |
| 22:02 | Build | Gate |
| 22:10 | Create | Unit 2626 |
| 22:10 | Create | Unit 2626 |
| 23:19 | Create | Unit 2626 |
| 23:23 | Age | Castle Age |
| 23:26 | Build | Town Center |
| 23:30 | Build | Town Center |
| 23:44 | Create | Villager (Male) |
| 23:47 | Build | Monastery |
| 23:53 | Create | Villager (Male) |
| 24:02 | Build | Town Center |
| 24:07 | Create | Villager (Male) |
| 24:12 | Create | Villager (Male) |
| 24:15 | Create | Fishing Ship |
| 24:15 | Create | Villager (Male) |
| 24:41 | Create | Militia |
| 24:41 | Create | Villager (Male) |
| 24:45 | Create | Villager (Male) |
| 24:48 | Create | Villager (Male) |
| 24:48 | Create | Villager (Male) |
| 24:50 | Create | Villager (Male) |
| 24:51 | Create | Villager (Male) |
| 24:52 | Create | Villager (Male) |
| 24:55 | Build | Farm |
| 24:57 | Build | Farm |
| 24:58 | Build | Farm |
| 25:00 | Build | Farm |
| 25:02 | Create | Villager (Male) |
| 25:07 | Build | Fish Trap |
| 25:14 | Create | Unit 2626 |
| 25:15 | Create | Fishing Ship |
| 25:16 | Create | Villager (Male) |
| 25:21 | Create | Villager (Male) |
| 25:25 | Build | Farm |
| 25:26 | Build | Farm |
| 25:28 | Build | Farm |
| 25:31 | Build | Farm |
| 25:32 | Create | Villager (Male) |
| 25:32 | Create | Villager (Male) |
| 25:41 | Create | Villager (Male) |
| 25:49 | Create | Militia |
| 26:06 | Create | Monk |
Build order — Timbrhoggvandi
First 150 of 542 actions detected
| 0:01 | Create | Villager (Male) |
| 0:01 | Create | Villager (Male) |
| 0:01 | Create | Villager (Male) |
| 0:02 | Build | House |
| 0:04 | Build | House |
| 0:09 | Create | Villager (Male) |
| 0:09 | Create | Villager (Male) |
| 1:13 | Create | Villager (Male) |
| 1:14 | Create | Villager (Male) |
| 1:14 | Create | Villager (Male) |
| 1:52 | Create | Villager (Male) |
| 1:52 | Create | Villager (Male) |
| 2:09 | Create | Villager (Male) |
| 2:20 | Build | Lumber Camp |
| 2:45 | Create | Villager (Male) |
| 2:45 | Create | Villager (Male) |
| 2:46 | Create | Villager (Male) |
| 2:46 | Create | Villager (Male) |
| 3:40 | Build | House |
| 3:41 | Create | Villager (Male) |
| 3:46 | Create | Villager (Male) |
| 3:46 | Create | Villager (Male) |
| 4:25 | Create | Villager (Male) |
| 4:25 | Create | Villager (Male) |
| 4:30 | Create | Villager (Male) |
| 4:31 | Create | Villager (Male) |
| 4:31 | Create | Villager (Male) |
| 5:06 | Create | Villager (Male) |
| 5:06 | Create | Villager (Male) |
| 5:26 | Create | Villager (Male) |
| 5:26 | Create | Villager (Male) |
| 5:26 | Create | Villager (Male) |
| 5:26 | Create | Villager (Male) |
| 6:30 | Create | Villager (Male) |
| 6:31 | Create | Villager (Male) |
| 6:31 | Create | Villager (Male) |
| 6:37 | Build | Mining Camp |
| 6:57 | Research | Feudal Age |
| 6:57 | Research | Feudal Age |
| 7:24 | Build | Dock |
| 7:41 | Build | Dock |
| 7:53 | Create | Villager (Male) |
| 8:22 | Build | House |
| 8:25 | Build | House |
| 8:40 | Build | Dock |
| 9:07 | Age | Feudal Age |
| 9:09 | Create | Galley |
| 9:30 | Create | Fire Galley |
| 9:30 | Create | Fire Galley |
| 9:30 | Create | Fire Galley |
| 9:36 | Create | Galley |
| 9:37 | Create | Galley |
| 9:37 | Create | Villager (Male) |
| 9:38 | Create | Villager (Male) |
| 9:38 | Create | Villager (Male) |
| 9:54 | Create | Galley |
| 9:54 | Create | Galley |
| 10:00 | Research | Double-Bit Axe |
| 10:00 | Research | Double-Bit Axe |
| 10:00 | Research | Double-Bit Axe |
| 10:08 | Create | Villager (Male) |
| 10:08 | Create | Villager (Male) |
| 10:08 | Create | Villager (Male) |
| 10:18 | Create | Galley |
| 10:19 | Create | Villager (Male) |
| 10:32 | Create | Galley |
| 10:32 | Create | Galley |
| 10:41 | Build | House |
| 11:02 | Create | Villager (Male) |
| 11:05 | Create | Galley |
| 11:05 | Create | Galley |
| 11:27 | Create | Galley |
| 11:27 | Create | Galley |
| 11:28 | Create | Villager (Male) |
| 11:35 | Create | Galley |
| 11:35 | Create | Galley |
| 11:35 | Create | Galley |
| 11:50 | Build | Blacksmith |
| 11:52 | Build | House |
| 11:53 | Create | Villager (Male) |
| 11:54 | Create | Villager (Male) |
| 12:16 | Create | Galley |
| 12:17 | Create | Galley |
| 12:17 | Create | Villager (Male) |
| 12:17 | Create | Villager (Male) |
| 12:24 | Build | House |
| 12:27 | Build | House |
| 12:29 | Build | Palisade Wall |
| 12:39 | Research | Fletching |
| 12:39 | Research | Fletching |
| 12:49 | Create | Galley |
| 12:49 | Create | Galley |
| 12:51 | Create | Villager (Male) |
| 12:52 | Create | Villager (Male) |
| 12:52 | Create | Villager (Male) |
| 13:03 | Build | House |
| 13:04 | Build | Palisade Wall |
| 13:07 | Create | Galley |
| 13:07 | Create | Galley |
| 13:24 | Create | Galley |
| 13:24 | Create | Galley |
| 13:25 | Create | Villager (Male) |
| 13:25 | Create | Villager (Male) |
| 13:38 | Create | Galley |
| 13:39 | Create | Villager (Male) |
| 13:52 | Build | Palisade Wall |
| 13:56 | Build | Palisade Wall |
| 14:06 | Create | Galley |
| 14:06 | Create | Galley |
| 14:15 | Create | Villager (Male) |
| 14:24 | Create | Galley |
| 14:32 | Create | Galley |
| 14:35 | Build | House |
| 14:36 | Create | Villager (Male) |
| 14:36 | Create | Villager (Male) |
| 14:36 | Create | Villager (Male) |
| 14:45 | Build | Mill |
| 14:56 | Create | Galley |
| 15:20 | Create | Galley |
| 15:20 | Create | Galley |
| 15:21 | Create | Villager (Male) |
| 15:21 | Create | Villager (Male) |
| 15:31 | Create | Galley |
| 15:52 | Create | Galley |
| 15:53 | Create | Villager (Male) |
| 15:53 | Create | Villager (Male) |
| 15:53 | Create | Villager (Male) |
| 15:56 | Create | Villager (Male) |
| 15:56 | Create | Villager (Male) |
| 16:13 | Create | Galley |
| 16:13 | Create | Galley |
| 16:27 | Build | Market |
| 16:45 | Create | Villager (Male) |
| 16:45 | Create | Villager (Male) |
| 16:47 | Research | Loom |
| 16:48 | Create | Galley |
| 16:49 | Create | Galley |
| 16:50 | Build | House |
| 16:58 | Create | Villager (Male) |
| 17:03 | Build | Lumber Camp |
| 17:20 | Build | Palisade Gate |
| 17:36 | Build | House |
| 18:03 | Create | Villager (Male) |
| 18:03 | Create | Villager (Male) |
| 18:30 | Build | Farm |
| 18:31 | Build | Farm |
| 18:32 | Build | Farm |
| 18:33 | Build | Farm |
| 18:37 | Create | Villager (Male) |
| 18:37 | Create | Villager (Male) |
Build order — mc 88
First 150 of 399 actions detected
| 0:01 | Create | Villager (Male) |
| 0:01 | Create | Villager (Male) |
| 0:04 | Build | House |
| 0:05 | Build | House |
| 0:07 | Create | Villager (Male) |
| 0:09 | Create | Villager (Male) |
| 1:31 | Create | Villager (Male) |
| 1:31 | Create | Villager (Male) |
| 1:51 | Create | Villager (Male) |
| 1:51 | Create | Villager (Male) |
| 2:16 | Create | Villager (Male) |
| 2:17 | Create | Villager (Male) |
| 2:20 | Build | Lumber Camp |
| 2:34 | Create | Villager (Male) |
| 2:34 | Create | Villager (Male) |
| 2:53 | Create | Villager (Male) |
| 2:53 | Create | Villager (Male) |
| 3:10 | Build | House |
| 3:11 | Build | House |
| 3:22 | Create | Villager (Male) |
| 3:22 | Create | Villager (Male) |
| 3:28 | Build | House |
| 3:29 | Build | Palisade Wall |
| 3:58 | Create | Villager (Male) |
| 3:59 | Create | Villager (Male) |
| 4:02 | Build | House |
| 4:14 | Create | Villager (Male) |
| 4:14 | Create | Villager (Male) |
| 4:28 | Create | Villager (Male) |
| 4:28 | Create | Villager (Male) |
| 4:34 | Build | Palisade Wall |
| 4:39 | Create | Villager (Male) |
| 5:05 | Create | Villager (Male) |
| 5:25 | Build | Mill |
| 5:37 | Create | Villager (Male) |
| 5:37 | Create | Villager (Male) |
| 6:09 | Create | Villager (Male) |
| 6:13 | Research | Loom |
| 7:08 | Research | Feudal Age |
| 7:09 | Research | Feudal Age |
| 7:14 | Build | Lumber Camp |
| 8:12 | Create | Villager (Male) |
| 8:12 | Create | Villager (Male) |
| 8:12 | Create | Villager (Male) |
| 8:43 | Build | Barracks |
| 9:09 | Build | Mining Camp |
| 9:18 | Age | Feudal Age |
| 9:19 | Research | Double-Bit Axe |
| 9:23 | Build | House |
| 10:01 | Build | Archery Range |
| 10:17 | Build | Palisade Wall |
| 10:18 | Build | Palisade Wall |
| 10:21 | Build | Palisade Gate |
| 10:26 | Create | Villager (Male) |
| 10:34 | Build | Archery Range |
| 10:43 | Create | Villager (Male) |
| 10:55 | Build | House |
| 11:07 | Build | House |
| 11:16 | Build | Blacksmith |
| 11:19 | Create | Villager (Male) |
| 11:19 | Create | Villager (Male) |
| 11:26 | Create | Spearman |
| 11:26 | Create | Spearman |
| 11:29 | Build | House |
| 12:20 | Create | Villager (Male) |
| 12:25 | Build | Lumber Camp |
| 12:26 | Create | Villager (Male) |
| 12:37 | Create | Villager (Male) |
| 12:58 | Create | Villager (Male) |
| 13:10 | Research | Horse Collar |
| 13:11 | Research | Horse Collar |
| 13:48 | Create | Villager (Male) |
| 13:48 | Create | Villager (Male) |
| 13:52 | Build | Farm |
| 13:53 | Build | Farm |
| 13:54 | Build | Farm |
| 14:09 | Create | Villager (Male) |
| 14:09 | Create | Villager (Male) |
| 14:18 | Create | Villager (Male) |
| 14:19 | Create | Villager (Male) |
| 14:45 | Build | Town Center |
| 15:34 | Build | Farm |
| 15:35 | Build | Farm |
| 15:36 | Build | Farm |
| 15:37 | Build | Farm |
| 15:38 | Build | Farm |
| 15:41 | Create | Villager (Male) |
| 16:12 | Build | Town Center |
| 16:29 | Create | Villager (Male) |
| 16:44 | Create | Villager (Male) |
| 17:04 | Create | Villager (Male) |
| 17:25 | Build | Farm |
| 17:32 | Build | Farm |
| 17:32 | Create | Villager (Male) |
| 17:36 | Build | Farm |
| 17:38 | Build | Farm |
| 17:42 | Create | Villager (Male) |
| 17:45 | Build | Farm |
| 17:48 | Build | Farm |
| 17:49 | Build | Farm |
| 18:02 | Create | Villager (Male) |
| 18:03 | Create | Villager (Male) |
| 18:09 | Create | Villager (Male) |
| 18:09 | Create | Villager (Male) |
| 18:17 | Build | Mining Camp |
| 18:19 | Create | Villager (Male) |
| 18:20 | Create | Villager (Male) |
| 18:34 | Research | Town Watch |
| 18:34 | Research | Town Watch |
| 18:43 | Create | Villager (Male) |
| 18:43 | Create | Villager (Male) |
| 18:45 | Build | Farm |
| 18:46 | Build | Farm |
| 18:47 | Create | Villager (Male) |
| 18:47 | Create | Villager (Male) |
| 18:52 | Build | House |
| 18:53 | Build | House |
| 18:59 | Build | House |
| 18:59 | Build | House |
| 19:02 | Create | Villager (Male) |
| 19:02 | Create | Villager (Male) |
| 19:03 | Create | Villager (Male) |
| 19:11 | Create | Villager (Male) |
| 19:11 | Create | Villager (Male) |
| 19:25 | Create | Villager (Male) |
| 19:25 | Create | Villager (Male) |
| 19:32 | Build | Farm |
| 19:33 | Create | Villager (Male) |
| 19:46 | Build | Market |
| 19:54 | Create | Villager (Male) |
| 19:54 | Create | Villager (Male) |
| 19:54 | Create | Villager (Male) |
| 19:55 | Create | Villager (Male) |
| 20:00 | Build | Farm |
| 20:01 | Build | Farm |
| 20:07 | Create | Villager (Male) |
| 20:07 | Create | Villager (Male) |
| 20:10 | Create | Villager (Male) |
| 20:10 | Create | Villager (Male) |
| 20:45 | Build | Lumber Camp |
| 20:53 | Create | Villager (Male) |
| 20:53 | Create | Villager (Male) |
| 20:54 | Create | Villager (Male) |
| 20:54 | Create | Villager (Male) |
| 21:27 | Research | Castle Age |
| 21:27 | Research | Castle Age |
| 21:29 | Create | Villager (Male) |
| 21:29 | Create | Villager (Male) |
| 21:35 | Create | Villager (Male) |
| 21:35 | Create | Villager (Male) |
Build order — Frédéric Chopin
First 150 of 245 actions detected
| 0:02 | Create | Villager (Male) |
| 0:02 | Create | Villager (Male) |
| 0:03 | Create | Villager (Male) |
| 0:03 | Create | Villager (Male) |
| 0:05 | Build | House |
| 0:09 | Build | House |
| 1:26 | Create | Villager (Male) |
| 1:44 | Create | Villager (Male) |
| 1:50 | Build | Mill |
| 2:17 | Create | Villager (Male) |
| 2:25 | Create | Villager (Male) |
| 2:25 | Create | Villager (Male) |
| 2:55 | Create | Villager (Male) |
| 3:14 | Create | Villager (Male) |
| 3:17 | Create | Villager (Male) |
| 3:43 | Create | Villager (Male) |
| 3:47 | Build | House |
| 4:05 | Create | Villager (Male) |
| 4:06 | Create | Villager (Male) |
| 4:13 | Create | Villager (Male) |
| 5:10 | Build | Lumber Camp |
| 5:16 | Create | Villager (Male) |
| 5:17 | Create | Villager (Male) |
| 5:24 | Create | Villager (Male) |
| 5:24 | Research | Loom |
| 5:50 | Research | Loom |
| 6:00 | Create | Villager (Male) |
| 6:21 | Research | Feudal Age |
| 6:22 | Research | Feudal Age |
| 7:29 | Build | Barracks |
| 7:56 | Build | House |
| 8:08 | Create | Villager (Male) |
| 8:31 | Create | Villager (Male) |
| 8:31 | Age | Feudal Age |
| 8:37 | Create | Villager (Male) |
| 8:44 | Build | Stable |
| 8:46 | Create | Villager (Male) |
| 8:57 | Create | Villager (Male) |
| 8:58 | Create | Villager (Male) |
| 8:59 | Create | Villager (Male) |
| 9:09 | Create | Villager (Male) |
| 9:13 | Build | House |
| 9:19 | Create | Villager (Male) |
| 9:35 | Create | Villager (Male) |
| 9:39 | Create | Scout Cavalry |
| 9:47 | Research | Double-Bit Axe |
| 10:13 | Create | Scout Cavalry |
| 10:32 | Create | Scout Cavalry |
| 10:40 | Build | House |
| 10:43 | Build | House |
| 10:46 | Create | Scout Cavalry |
| 10:47 | Create | Villager (Male) |
| 11:00 | Build | Blacksmith |
| 11:08 | Create | Villager (Male) |
| 11:27 | Create | Scout Cavalry |
| 11:28 | Create | Villager (Male) |
| 12:11 | Create | Scout Cavalry |
| 12:11 | Create | Villager (Male) |
| 12:25 | Create | Villager (Male) |
| 12:27 | Build | Farm |
| 12:28 | Build | Farm |
| 12:30 | Build | Farm |
| 12:45 | Build | Farm |
| 12:46 | Create | Villager (Male) |
| 12:48 | Build | House |
| 12:53 | Build | Farm |
| 12:54 | Create | Villager (Male) |
| 12:57 | Build | Farm |
| 13:00 | Build | Farm |
| 13:10 | Create | Scout Cavalry |
| 13:15 | Research | Scale Barding Armor |
| 13:15 | Research | Scale Barding Armor |
| 13:47 | Create | Scout Cavalry |
| 14:13 | Create | Scout Cavalry |
| 14:13 | Create | Villager (Male) |
| 14:24 | Create | Villager (Male) |
| 14:27 | Build | Mining Camp |
| 14:29 | Build | Farm |
| 14:32 | Build | Farm |
| 14:33 | Create | Villager (Male) |
| 14:34 | Build | Farm |
| 14:36 | Build | Farm |
| 14:40 | Create | Scout Cavalry |
| 15:05 | Build | Farm |
| 15:46 | Research | Wheelbarrow |
| 15:46 | Research | Wheelbarrow |
| 16:00 | Build | Farm |
| 16:35 | Build | Mining Camp |
| 16:41 | Build | Market |
| 17:57 | Research | Castle Age |
| 17:58 | Research | Castle Age |
| 18:16 | Build | Lumber Camp |
| 18:37 | Create | Spearman |
| 18:38 | Create | Spearman |
| 19:08 | Create | Spearman |
| 19:27 | Build | House |
| 19:30 | Create | Spearman |
| 20:24 | Create | Villager (Male) |
| 20:37 | Build | Stable |
| 20:37 | Age | Castle Age |
| 21:09 | Build | Siege Workshop |
| 21:16 | Build | Monastery |
| 21:32 | Build | House |
| 21:33 | Build | House |
| 21:34 | Build | House |
| 21:34 | Build | House |
| 21:34 | Build | House |
| 21:40 | Create | Knight |
| 21:41 | Create | Knight |
| 21:43 | Research | Chain Barding Armor |
| 21:43 | Research | Chain Barding Armor |
| 21:44 | Create | Villager (Male) |
| 21:50 | Create | Monk |
| 22:07 | Build | Siege Workshop |
| 22:13 | Create | Monk |
| 22:24 | Build | Mining Camp |
| 22:31 | Build | Mining Camp |
| 22:34 | Create | Villager (Male) |
| 22:34 | Create | Villager (Male) |
| 22:38 | Create | Battering Ram |
| 22:49 | Create | Spearman |
| 22:53 | Create | Battering Ram |
| 22:57 | Create | Battering Ram |
| 23:01 | Build | House |
| 23:02 | Build | House |
| 23:20 | Create | Knight |
| 23:22 | Create | Battering Ram |
| 23:31 | Create | Battering Ram |
| 23:44 | Create | Spearman |
| 23:45 | Create | Spearman |
| 23:52 | Build | Farm |
| 24:07 | Build | House |
| 24:08 | Build | House |
| 24:08 | Build | House |
| 24:09 | Build | House |
| 24:12 | Create | Monk |
| 24:36 | Create | Knight |
| 24:36 | Create | Knight |
| 24:56 | Create | Spearman |
| 25:16 | Create | Battering Ram |
| 26:22 | Create | Villager (Male) |
| 26:31 | Create | Battering Ram |
| 26:32 | Create | Battering Ram |
| 26:33 | Create | Spearman |
| 26:33 | Create | Spearman |
| 26:36 | Research | Scale Mail Armor |
| 26:38 | Create | Villager (Male) |
| 26:55 | Create | Monk |
| 27:00 | Create | Villager (Male) |
| 27:21 | Create | Villager (Male) |
Match timeline
| 2:38 | pigpig_aoe · wall_segment Palisade Wall x1 |
| 3:29 | mc 88 · wall_segment Palisade Wall x1 |
| 4:34 | mc 88 · wall_segment Palisade Wall x6 |
| 6:55 | Danielsiiii · first_building Dock |
| 6:56 | pigpig_aoe · first_building Barracks |
| 7:22 | TheHobbalution · first_building Dock |
| 7:24 | Timbrhoggvandi · first_building Dock |
| 7:29 | Frédéric Chopin · first_building Barracks |
| 7:33 | 小妖 · wall_segment Palisade Wall x1 |
| 7:33 | 小妖 · wall_segment Palisade Wall x1 |
| 7:35 | 小妖 · wall_segment Palisade Wall x13 |
| 7:36 | 小妖 · wall_segment Palisade Wall x1 |
| 7:39 | TheHobbalution · wall_segment Palisade Wall x1 |
| 8:26 | Grand Nagus · first_building Barracks |
| 8:28 | Grand Nagus · wall_segment Palisade Wall x1 |
| 8:31 | Frédéric Chopin · age_up feudal |
| 8:34 | pigpig_aoe · age_up feudal |
| 8:37 | pigpig_aoe · first_building Stable |
| 8:43 | mc 88 · first_building Barracks |
| 8:44 | Frédéric Chopin · first_building Stable |
| 9:07 | Timbrhoggvandi · age_up feudal |
| 9:07 | 小妖 · wall_segment Palisade Wall x4 |
| 9:11 | Grand Nagus · wall_segment Palisade Wall x1 |
| 9:12 | 小妖 · wall_segment Palisade Wall x1 |
| 9:18 | 小妖 · wall_segment Palisade Wall x9 |
| 9:18 | mc 88 · age_up feudal |
| 9:19 | 小妖 · wall_segment Palisade Wall x9 |
| 9:22 | 小妖 · wall_segment Palisade Wall x10 |
| 9:31 | Grand Nagus · age_up feudal |
| 9:42 | Grand Nagus · first_building Archery Range |
| 10:01 | mc 88 · first_building Archery Range |
| 10:06 | TheHobbalution · first_building Barracks |
| 10:17 | mc 88 · wall_segment Palisade Wall x4 |
| 10:18 | mc 88 · wall_segment Palisade Wall x1 |
| 10:26 | 小妖 · age_up feudal |
| 10:42 | TheHobbalution · wall_segment Palisade Wall x1 |
| 10:44 | 小妖 · wall_segment Palisade Wall x1 |
| 10:46 | TheHobbalution · wall_segment Palisade Wall x1 |
| 10:47 | TheHobbalution · wall_segment Palisade Wall x1 |
| 10:50 | TheHobbalution · wall_segment Palisade Wall x1 |
| 11:03 | TheHobbalution · wall_segment Palisade Wall x1 |
| 11:04 | TheHobbalution · wall_segment Palisade Wall x1 |
| 11:04 | TheHobbalution · wall_segment Palisade Wall x1 |
| 11:13 | TheHobbalution · age_up feudal |
| 11:18 | TheHobbalution · first_building Stable |
| 11:30 | Danielsiiii · age_up feudal |
| 11:37 | 小妖 · first_market_sell 100 stone |
| 12:12 | TheHobbalution · wall_segment Palisade Wall x9 |
| 12:28 | Grand Nagus · wall_segment Palisade Wall x4 |
| 12:29 | Timbrhoggvandi · wall_segment Palisade Wall x3 |
| 12:33 | Grand Nagus · wall_segment Palisade Wall x1 |
| 13:04 | Timbrhoggvandi · wall_segment Palisade Wall x3 |
| 13:43 | Danielsiiii · wall_segment Palisade Wall x1 |
| 13:48 | Danielsiiii · wall_segment Palisade Wall x1 |
| 13:52 | Timbrhoggvandi · wall_segment Palisade Wall x4 |
| 13:56 | Timbrhoggvandi · wall_segment Palisade Wall x17 |
| 14:28 | 小妖 · age_up castle |
| 14:31 | TheHobbalution · wall_segment Palisade Wall x6 |
| 14:33 | TheHobbalution · wall_segment Palisade Wall x6 |
| 15:01 | Danielsiiii · age_up castle |
| 15:22 | pigpig_aoe · wall_segment Palisade Wall x1 |
| 16:56 | Grand Nagus · first_market_sell 100 stone |
| 16:57 | Grand Nagus · first_market_buy 100 food |
| 17:48 | 小妖 · first_building Castle |
| 18:06 | Timbrhoggvandi · first_market_sell 500 stone |
| 18:07 | Timbrhoggvandi · first_market_buy 100 food |
| 18:33 | pigpig_aoe · first_market_buy 100 food |
| 19:39 | pigpig_aoe · first_building Archery Range |
| 19:55 | pigpig_aoe · wall_segment Palisade Wall x1 |
| 19:56 | pigpig_aoe · wall_segment Palisade Wall x1 |
| 20:25 | Grand Nagus · age_up castle |
| 20:37 | Frédéric Chopin · age_up castle |
| 20:37 | mc 88 · first_market_buy 100 food |
| 20:49 | 小妖 · first_building Monastery |
| 21:09 | Frédéric Chopin · first_building Siege Workshop |
| 21:13 | mc 88 · first_market_sell 100 wood |
| 21:15 | pigpig_aoe · age_up castle |
| 21:16 | Frédéric Chopin · first_building Monastery |
| 22:15 | Timbrhoggvandi · age_up castle |
| 22:40 | Danielsiiii · first_market_buy 100 food |
| 22:43 | Frédéric Chopin · first_market_sell 500 stone |
| 22:44 | Frédéric Chopin · first_market_buy 100 wood |
| 23:23 | TheHobbalution · age_up castle |
| 23:42 | Grand Nagus · first_building Siege Workshop |
| 23:47 | TheHobbalution · first_building Monastery |
| 24:07 | mc 88 · age_up castle |
| 24:15 | mc 88 · first_building Castle |
| 24:42 | Danielsiiii · first_market_sell 100 stone |
| 25:03 | mc 88 · first_building Siege Workshop |
| 25:12 | 小妖 · first_building Barracks |
| 26:05 | TheHobbalution · first_market_sell 100 wood |
| 26:12 | pigpig_aoe · first_market_sell 100 stone |
| 26:13 | 小妖 · first_building Stable |
| 26:42 | Danielsiiii · first_building Castle |
| 28:59 | TheHobbalution · wall_segment Palisade Wall x1 |
| 30:34 | TheHobbalution · first_building Castle |
| 30:34 | 小妖 · age_up imperial |
| 31:47 | TheHobbalution · first_market_buy 500 food |
| 34:39 | pigpig_aoe · first_building Castle |
| 36:36 | TheHobbalution · wall_segment Stone Wall x1 |
| 36:39 | Grand Nagus · age_up imperial |
| 36:42 | TheHobbalution · wall_segment Stone Wall x1 |
| 36:47 | Frédéric Chopin · wall_segment Palisade Wall x1 |
| 36:58 | Grand Nagus · first_building Stable |
| 37:55 | TheHobbalution · wall_segment Palisade Wall x1 |
| 40:27 | Grand Nagus · first_building Castle |
| 40:30 | TheHobbalution · age_up imperial |
| 41:19 | Danielsiiii · age_up imperial |
| 41:23 | TheHobbalution · tribute_sent a jugador 1 |
| 41:23 | TheHobbalution · tribute_sent a jugador 2 |
| 41:23 | TheHobbalution · tribute_sent a jugador 3 |
| 41:23 | TheHobbalution · tribute_sent a jugador 5 |
| 41:23 | TheHobbalution · tribute_sent a jugador 6 |
| 41:23 | TheHobbalution · tribute_sent a jugador 7 |
| 41:23 | TheHobbalution · tribute_sent a jugador 8 |
| 41:24 | Timbrhoggvandi · tribute_sent a jugador 1 |
| 41:24 | Timbrhoggvandi · tribute_sent a jugador 2 |
| 41:24 | Timbrhoggvandi · tribute_sent a jugador 3 |
| 41:24 | Timbrhoggvandi · tribute_sent a jugador 4 |
| 41:24 | Timbrhoggvandi · tribute_sent a jugador 5 |
| 41:24 | Timbrhoggvandi · tribute_sent a jugador 7 |
| 41:24 | Timbrhoggvandi · tribute_sent a jugador 8 |
| 42:19 | mc 88 · wall_segment Palisade Wall x1 |
| 42:52 | 小妖 · first_building Archery Range |
| 43:11 | Frédéric Chopin · first_building Castle |
| 46:35 | Timbrhoggvandi · first_building Castle |
| 46:48 | Grand Nagus · resign |
[ AI ANALYSIS · 1 CREDIT ]
What really happened in this match?
Wolo.gg analyzes every decision: build order, eco, micro, common mistakes by bracket. Personalized analysis on WhatsApp or Discord in 30 seconds.
Civ guide
Magyars
Perfil
Jugador #19087630